 Dungeon Crawl Stone Soup version 0.31-a0-102-g33a4ccc0cb (webtiles) character file.

Game seed: 7332618426164559942

59 Esekla the Sneak (level 4, -4/31 HPs)
             Began as an Octopode Delver on May 26, 2023.
             Slain by a water moccasin (9 damage)
             ... on level 5 of the Dungeon.
             The game lasted 00:01:50 (143 turns).

Esekla the Sneak (Octopode Delver)                   Turns: 143, Time: 00:01:51

Health: -4/31      AC:  1    Str: 11    XL:     4   Next: 3%
Magic:  4/5        EV: 13    Int: 14    God:
Gold:   0          SH:  0    Dex: 13    Spells: 4/4 levels left

rFire   . . .        a - +0 falchion
rCold   . . .        (no shield)
rNeg    . . .        (helmet restricted)
rPois   .            (no amulet)
rElec   .            (no ring)
rCorr   .            (no ring)
SInv    .            (no ring)
Will    .....        (no ring)
Stlth   +++++        (no ring)
HPRegen 0.25/turn    (no ring)
MPRegen 0.09/turn    (no ring)
                     (no ring)

%: no passive effects
@: hasted, very quick
A: almost no armour, amphibious, 8 rings, camouflage 1, gelatinous body 1,
(nimble swimmer 1), tentacles
a: no special abilities


You were on level 5 of the Dungeon.
You visited 1 branch of the dungeon, and saw 1 of its levels.

Inventory:

Hand Weapons
 a - a +0 falchion (weapon)
Wands
 f - a wand of digging (3)
Scrolls
 b - a scroll of fog


   Skills:
 * Level 3.3 Fighting
 * Level 2.4 Long Blades
 * Level 2.3 Dodging
 + Level 7.4 Stealth
 * Level 0.8 Spellcasting


You had 4 spell levels left.
You didn't know any spells.
Your spell library was empty.

Dungeon Overview and Level Annotations

Branches:
Dungeon (5/15)
 Temple: D:4-7

Altars:


Innate Abilities, Weirdness & Mutations

You cannot wear most types of armour.
You are amphibious.
You can wear up to eight rings at the same time.
Your skin changes colour to match your surroundings (Stealth+).
Your rubbery body absorbs attacks. (AC +1, EV +1)
((You are camouflaged when in or above water. (Stealth+)))
You have tentacles for arms and can constrict up to eight enemies at once.


Message History

You squeeze the water moccasin, but do no damage.
The water moccasin is lightly wounded.
You constrict the water moccasin. The water moccasin misses you.
The water moccasin bites you.
You are poisoned.
The water moccasin poisons you!
As you read the scroll of fear, it crumbles to dust.
You assume a fearsome visage.
The water moccasin looks frightened!
You constrict the water moccasin.
You feel very sick.
The water moccasin escapes!
You feel sick.
You feel sick.
You feel sick.
You feel sick.
You feel sick.
You feel sick.
You feel sick.
You feel sick.
You are no longer poisoned.
A jelly, an orc wizard, 3 orcs and an orc priest come into view.
The orc wizard is wielding a +1 dagger of venom.
Found a leather armour.
You start resting.
A water moccasin is nearby!
Found a stone staircase leading down.
You feel yourself speed up. The water moccasin misses you.
You closely miss the water moccasin. Your grab misses the water moccasin.
The water moccasin is lightly wounded.
The water moccasin bites you!
* * * LOW HITPOINT WARNING * * *
You hit the water moccasin. You grab the water moccasin.
The water moccasin is moderately wounded.
You constrict the water moccasin, but do no damage.
The water moccasin bites you.
* * * LOW HITPOINT WARNING * * *
You hit the water moccasin.
The water moccasin is moderately wounded.
You constrict the water moccasin. The water moccasin bites you!
You die...

*,*,,,******######.#.##..
*,*,,>,,,,,,* #.#.##..
*,*,,******,* #.#.##..
*.#,,*****#.######.#.##..
*,..,,,,,,...[.....#.##..
*,*#.*,,,,...........##..
*,**..,***#######.#####.#
*.####.###### #....†...
*>......@S..# #.#######
*#####.####.# #.# #.# #.#
#S# #.####S#####.#
#............#
#.####.#######
#####.####.# #..........#
#.###.######***


You could see a water moccasin.

Vanquished Creatures
  A scorpion (D:5)
  A quokka (D:5)
2 creatures vanquished.

Notes
Turn   | Place    | Note
-------+----------+-------------------------------------------
     0 | D:5      | Esekla the Octopode Delver began the quest for the Orb.
     0 | D:5      | Reached XP level 1. HP: 16/16 MP: 1/1
    11 | D:5      | Noticed an orc wizard
    58 | D:5      | Noticed a scorpion
    88 | D:5      | Noticed a kobold brigand
   104 | D:5      | Noticed a water moccasin
   107 | D:5      | Killed a scorpion
   108 | D:5      | Reached skill level 7 in Stealth
   108 | D:5      | Reached XP level 2. HP: 21/21 MP: 1/3
   108 | D:5      | Reached XP level 3. HP: 26/26 MP: 1/4
   108 | D:5      | Reached XP level 4. HP: 31/31 MP: 1/5
   143 | D:5      | Slain by a water moccasin

Illustrated notes

Levels and vault maps discovered:
D:5:      cheibrodos_quashed, layout_loops_ring, zin_statuary,
          minmay_misc_feat_chi, uniq_edmund

Skill      XL: |  1 |
---------------+----+-----
Stealth        | 7 |  7.4
Fighting       | |  3.3
Long Blades    | |  2.4
Dodging        | |  2.3
Spellcasting   | |  0.8

Action                     |  1- 3 |  4- 6 || total
---------------------------+-------+-------++-------
  Melee: Falchion          |     8 |     5 ||    13
         Constrict         |     2 |     2 ||     4
         Tentacles         |     1 |     2 ||     3
    Use: Scroll            |     1 |     1 ||     2
         Potion            |       |     1 ||     1
  Dodge: Dodged            |     6 |     2 ||     8

Table legend: (Time is in decaauts)
 A = Elapsed time spent in this place.
 B = Non-inter-level travel time spent in this place.
 C = Inter-level travel time spent in this place.
 D = Time resting spent in this place.
 E = Time spent auto-exploring this place.
 F = Levels seen in this place.
 G = Mean time per level.
                   A        B        C        D        E       F      G
               +--------+--------+--------+--------+--------+-----+--------+
         Total |    144 |    144 |      0 |     17 |      0 |   1 |  144.0 |
       Dungeon |    144 |    144 |      0 |     17 |      0 |   1 |  144.0 |
               +--------+--------+--------+--------+--------+-----+--------+

Top non-repeatable levels by time:
     D:5: 144 daAuts
